 Dungeon Crawl Stone Soup version 0.29.1-13-g9f3cf754e1 (webtiles) character file.

Game seed: 16316306293565176871

32 sanboga the Ruffian (level 3, 29/29 HPs)
             Began as a Demonspawn Berserker on Feb 5, 2023.
             Was a Follower of Trog.
             Quit the game on level 2 of the Dungeon on Feb 6, 2023.
             The game lasted 00:01:40 (1784 turns).

sanboga the Ruffian (Demonspawn Berserker)          Turns: 1784, Time: 00:01:41

Health: 29/29      AC:  2    Str: 19    XL:     3   Next: 10%
Magic:  3/3        EV: 12    Int:  8    God:    Trog [*.....]
Gold:   87         SH:  0    Dex: 12    Spells: 2/2 levels left

rFire   . . .      SeeInvis .     - Unarmed
rCold   . . .      Faith    .   (no shield)
rNeg    . . .      Spirit   .   a - +0 animal skin
rPois   .          Reflect  .   (helmet restricted)
rElec   .          Harm     .   (no cloak)
rCorr   .          Rampage  .   (no gloves)
Will    .....                   (no boots)
Stlth   +.........              (no amulet)
HPRegen 0.09/turn               (no ring)
MPRegen 0.08/turn               (no ring)

@: no status effects
A: antennae 1, spiny 1
a: Renounce Religion, Berserk


You were on level 2 of the Dungeon.
You worshipped Trog.
Trog was aware of your devotion.
You visited 1 branch of the dungeon, and saw 2 of its levels.

You collected 87 gold pieces.

Inventory:

Armour
 a - a +0 animal skin (worn)
Scrolls
 b - a scroll of enchant armour {unknown}
 c - a scroll of torment {unknown}
 i - a scroll of identify {unknown}
 j - a scroll of teleportation {unknown}
 k - a scroll of enchant weapon {unknown}
 l - a scroll of amnesia {unknown}
Potions
 d - a potion of mutation {unknown}
 e - a potion of haste {unknown}
 f - 2 potions of attraction {unknown}
 g - a potion of berserk rage {unknown}
 h - 2 potions of curing {unknown}


   Skills:
 + Level 3.3 Fighting
 + Level 2.2 Armour
 - Level 1.7 Dodging
 * Level 3.3 Unarmed Combat


You had 2 spell levels left.
You didn't know any spells.
Your spell library was empty.

Dungeon Overview and Level Annotations

Branches:
Dungeon (2/15)

Altars:


Innate Abilities, Weirdness & Mutations

You have a pair of small antennae on your head.
You are partially covered in sharp spines.


Message History

You open the door.
There is an open door here.
You open the door.
There is an open door here.
You now have 86 gold pieces (gained 10).
Found a dagger.
No target in view!
As you open the door, it creaks loudly!
Found a stone staircase leading down.
There is an open door here.
Key pressed, stopping explore.
No target in view!
No target in view!
There is a stone staircase leading down here.
You open the door.
There is an open door here.
k - a scroll labelled EPALAI ELOQUNG No target in view!
h - 2 sapphire potions (gained 1)
l - a scroll labelled MOELLU UNOOGG No target in view!
You now have 87 gold pieces (gained 1).
You open the door.
There is an open door here.
You open the door.
A ball python comes into view.
Found a stone staircase leading down.
Found 3 scrolls labelled MOELLU UNOOGG.
There is an open door here.
A ball python is nearby!
A ball python comes into view.
The ball python hisses angrily.
There are monsters nearby!
The helpless ball python fails to defend itself.
You punch the ball python!
You kill the ball python!
Trog accepts your kill.
The ball python is struck by your spines.
The ball python closely misses you.
Are you sure you want to abandon this character and quit the game? (Confirm with "yes".)

...## #.#
#............# #+#+
#.# #............#
..# #............#
..# #............#
....#............#
+.....##..###'#####
..........#.#
......S.....#
...####@#'#######
#..........
#...†>.....
#..........
#........?.
###########


You could see a ball python.

Vanquished Creatures
  4 ball pythons
  An endoplasm (D:1)
  A giant cockroach (D:1)
  4 goblins (D:1)
  4 hobgoblins (D:1)
  A quokka (D:1)
  4 bats
  4 frilled lizards (D:1)
  6 kobolds (D:1)
  A rat (D:2)
30 creatures vanquished.

Notes
Turn   | Place    | Note
-------+----------+-------------------------------------------
     0 | D:1      | sanboga the Demonspawn Berserker began the quest for the
                  | Orb.
     0 | D:1      | Reached XP level 1. HP: 18/18 MP: 1/1
   176 | D:1      | Gained mutation: You have a pair of small antennae on your
                  | head. [demonic ancestry]
   176 | D:1      | Reached XP level 2. HP: 24/24 MP: 2/2
  1204 | D:1      | Gained mutation: You are partially covered in sharp spines.
                  | [demonic ancestry]
  1204 | D:1      | Reached XP level 3. HP: 28/29 MP: 3/3
  1338 | D:1      | Found a faded altar of an unknown god.
  1784 | D:2      | Quit the game

Illustrated notes

Levels and vault maps discovered:
D:1:      mrwooster_arrival_statue_2, layout_basic,
          ebering_ecumenical_altar_hall, serial_glass, glass_columns_a,
          glass_columns_b, nrook_mini_vaults, st_stairs_7
D:2:      layout_basic

Skill      XL: |  1 |
---------------+----+-----
Unarmed Combat | 3 |  3.3
Armour         | 2 |  2.2
Fighting       | |  3.3
Dodging        | |  1.7

Action                   || total
-------------------------++-------
Melee: Unarmed           ||   113
       Punch             ||     4
Invok: Berserk           ||     1
 Stab: Sleeping          ||     2
Armor: Animal skin       ||    17
Dodge: Dodged            ||    77
